Match 38410465
Unlisted

Match 38410465
End
Construct Section Command Post
Vickers Machine Gun Team
Selects Australian Defense Battlegroup
Selects Australian Light Infantry Section
Australian Light Infantry Section
Australian Light Infantry Section
Australian Light Infantry Section
Selects 2-pounder Anti-tank Gun Team
2-pounder Anti-tank Gun Team
Construct Field Infirmary
Construct Platoon Command Post
Royal Engineer Section
Selects Vehicle Over Repair
Construct Company Command Post
Construct Company Command Post
Construct Company Command Post
Crusader II Medium Tank
Selects CMP 15cwt Supply Run
Foot Guards Section
Crusader II Medium Tank
Selects Reinforced Resource Caches
Crusader II Medium Tank
Selects Charged Creeping Barrage
Royal Engineer Section
Armored Vehicle Training
Castellan
ultimatron
vonMises
Mael Radec
0
0

Comments sign in to comment!

No comments posted yet!